Map: Galactic Process LE

Players

Lilbow

  • Race: Protoss Protoss
  • League: Master

iGJim (Jim) - Winner!

  • Race: Protoss Protoss
  • League: Master

Event: DreamHack ZOWIE Open Valencia 2016

VOD

Have the link to the VOD?

Description

Time

  • Played on: July 14, 2016, 1:17 p.m.
  • Length: 7:27

All games in this series

Show
View Real Time Build Order
Export as new Build Order

Lilbow Protoss 

Build Orders:  

Get SALT Encoding   

  12  0:00  Probe (Chrono Boost)  
  13  0:11  Probe (Chrono Boost)  
  14  0:17  Pylon  
  14  0:22  Probe (Chrono Boost)  
  15  0:35  Probe (Chrono Boost)  
  16  0:36  Gateway  
  16  0:42  Assimilator  
  16  0:46  Probe (Chrono Boost)  
  17  0:56  Probe (Chrono Boost)  
  18  0:57  Assimilator  
  18  1:07  Probe (Chrono Boost)  
  18  1:08  Gateway  
  19  1:17  Probe (Chrono Boost)  
  20  1:23  Cybernetics Core  
  20  1:28  Probe (Chrono Boost)  
  21  1:37  Pylon  
  21  1:38  Probe (Chrono Boost)  
  22  1:49  Probe (Chrono Boost)  
  23  1:55  Stalker, Warp Gate  
  23  1:59  Stalker  
  27  2:15  Pylon, Mothership Core (Chrono Boost)  
  29  2:22  Sentry  
  31  2:35  Probe (Chrono Boost)  
  32  2:40  Sentry  
  34  2:45  Stalker  
  34  2:47  Probe (Chrono Boost)  
  37  3:04  Pylon  
  37  3:06  Nexus  
  37  3:26  Gateway  
  37  3:34  Gateway  
  37  3:54  Pylon  
  37  3:57  Stalker  
  37  3:58  Stalker  
  41  4:20  Probe (Chrono Boost)  
  41  4:21  Probe (Chrono Boost)  
  41  4:23  Stalker  
  41  4:24  Stalker x2  
  45  4:36  Stalker  
  33  4:50  Stalker  
  33  4:51  Stalker  
  29  4:56  Sentry  
  27  5:03  Stalker  
  28  5:15  Sentry  
  30  5:22  Sentry  
  32  5:33  Stalker  
  29  5:39  Stalker  
  31  5:50  Probe x2 (Chrono Boost)  
  27  6:06  Stalker, Sentry  
  29  6:25  Adept x2  
  30  6:29  Sentry  
  34  6:41  Stalker  
  32  6:54  Stalker  
  32  7:01  Stalker  
  30  7:12  Stalker  
Show
View Real Time Build Order
Export as new Build Order

iGJim Protoss - Winner!

Build Orders: Oracle Opening 

Get SALT Encoding   

  12  0:00  Probe (Chrono Boost)  
  13  0:13  Pylon  
  13  0:17  Probe (Chrono Boost)  
  14  0:27  Probe (Chrono Boost)  
  15  0:33  Gateway  
  15  0:38  Probe (Chrono Boost)  
  16  0:45  Assimilator  
  16  0:48  Probe (Chrono Boost)  
  17  0:52  Assimilator  
  17  0:59  Probe (Chrono Boost)  
  18  1:09  Probe (Chrono Boost)  
  19  1:20  Cybernetics Core, Probe (Chrono Boost)  
  19  1:22  Pylon  
  20  1:30  Probe (Chrono Boost)  
  21  1:41  Probe (Chrono Boost)  
  22  1:52  Probe (Chrono Boost)  
  22  1:53  Warp Gate  
  23  1:55  Adept  
  23  1:57  Stargate  
  25  2:12  Pylon  
  25  2:22  Stalker  
  27  2:31  Pylon  
  27  2:35  Oracle  
  30  2:51  Gateway  
  30  2:52  Stalker  
  32  3:03  Gateway  
  32  3:12  Gateway  
  32  3:15  Oracle  
  35  3:25  Stalker  
  37  3:57  Stalker  
  37  3:59  Stalker  
  41  4:04  Stalker  
  41  4:09  Pylon  
  43  4:10  Stalker  
  42  4:24  Stalker x2  
  46  4:34  Stalker  
  42  4:45  Stalker  
  39  4:52  Stalker  
  35  4:55  Stalker  
  33  5:06  Stalker  
  31  5:13  Stalker  
  26  5:36  Stalker x3  
  30  5:45  Stalker  
  28  6:07  Stalker x2  
  28  6:08  Zealot  
  32  6:24  Sentry  
  34  6:41  Adept x2  
  34  6:43  Adept  
  34  6:47  Probe (Chrono Boost)  
  38  6:56  Sentry  
  36  7:16  Stalker x2, Zealot  

Tags
 
Add a new tag
Caveats
  • Supply blocks, unpowered buildings, or Contaminate may cause inaccurate times.
  • Supply counts are checked every 10 seconds.